 Dungeon Crawl Stone Soup version 0.26.1-11-gd32895ea62 (webtiles) character file.

Game seed: 11038156174604572753

289 ubername the Chiller (level 6, -1/42 HPs)
             Began as a Barachi Ice Elementalist on June 4, 2021.
             Slain by a bullfrog zombie (3 damage)
             ... on level 5 of the Dungeon.
             The game lasted 00:14:21 (4427 turns).

ubername the Chiller (Barachi Ice Elementalist)     Turns: 4427, Time: 00:14:24

Health: -1/42      AC:  2    Str:  9    XL:     6   Next: 31%
Magic:  7/12       EV: 12    Int: 18    God:
Gold:   202        SH:  0    Dex: 12    Spells: 7/14 levels left

rFire    + . .     SeeInvis .   a - +2 dagger (venom)
rCold    . . .     Faith    .   (no shield)
rNeg     . . .     Spirit   .   d - +0 robe
rPois    .         Reflect  .   (no helmet)
rElec    .         Harm     .   (no cloak)
rCorr    .         Rampage  .   (no gloves)
Will     .....                  (no boots)
Stlth    ++........             k - amulet of regeneration
HPRegen  0.54/turn              f - ring of protection from fire
MPRegen  0.13/turn              (no ring)

@: slow
A: +LOS, swims, slowness 1, strong legs 1
a: Hop


You were on level 5 of the Dungeon.
You visited 1 branch of the dungeon, and saw 5 of its levels.

You collected 202 gold pieces.

Inventory:

Hand Weapons
 a - a +2 dagger of venom (weapon)
 b - a +1 hunting sling
 i - a +0 rapier
Missiles
 c - 154 stones
 h - 100 sling bullets
 o - 51 poisoned darts (quivered)
Armour
 d - a +0 robe (worn)
Jewellery
 f - a ring of protection from fire (left hand)
 k - an amulet of regeneration (around neck)
Wands
 e - a wand of digging (3)
 g - a wand of disintegration (11)
Scrolls
 j - 3 scrolls of fog
 l - 3 scrolls of teleportation
 m - a scroll of blinking
 n - 3 scrolls of remove curse
 q - a scroll of identify


   Skills:
 - Level 0.3 Fighting
 - Level 0.2 Short Blades
 - Level 0.2(0.8) Slings
 - Level 1.2 Throwing
 + Level 2.3 Dodging
 - Level 2.0 Stealth
 + Level 4.5 Spellcasting
 + Level 6.9 Ice Magic


You had 7 spell levels left.
You knew the following spells:

 Your Spells              Type           Power        Failure   Level
a - Freeze                Ice            100%         1%          1
b - Ozocubu's Armour      Ice            28%          2%          3
c - Frozen Ramparts       Ice            56%          2%          3

Your spell library contained the following spells:

 Spells                   Type           Power        Failure   Level
 Animate Skeleton         Necr           8%           14%         1
 Apportation              Tloc           8%           14%         1
 Corona                   Hex            4%           14%         1
 Summon Small Mammal      Summ           16%          14%         1
 Hailstorm                Conj/Ice       16%          32%         4
 Summon Ice Beast         Ice/Summ       16%          32%         4


Dungeon Overview and Level Annotations

Branches:
Dungeon (5/15)
 Temple: D:4-7

Altars:
Gozag
Nemelex Xobeh
Wu Jian


Innate Abilities, Weirdness & Mutations

You can be seen from farther away. (+LOS)
You can swim through water.
You cover ground slowly.
You can hop short distances.


Message History

The white imp is lightly wounded.
The bullfrog zombie hits you.
The white imp resists.
The wall freezes the white imp.
The white imp hits you. The white imp freezes you.
The bullfrog zombie barely misses you.
You hit the white imp but do no damage.
The white imp is moderately wounded.
The white imp resists.
The wall freezes the white imp.
The white imp hits you. The white imp freezes you.
The bullfrog zombie closely misses you.
You hit the bullfrog zombie.
The bullfrog zombie is lightly damaged.
The frozen ramparts melt away.
The bullfrog zombie closely misses you. The white imp hits you.
The white imp freezes you.
You hit the white imp but do no damage.
The white imp is poisoned.
The white imp is moderately wounded.
The bullfrog zombie hits you. The white imp gestures at you.
The puff of frost hits you!
* * * LOW HITPOINT WARNING * * *
The bullfrog zombie hits you.
You die...

#. .. ... #.. ..
.... . ..### .
#<... .. #....#.
......
...#......
...#..
.........##....#
...............#
........5Z....##
#@..!...##
##.......$#
#.........#
#..<.....##
#.............#
..#...........#
#..........##
.......#....#
....#####.#..#


You could see a white imp (very poisoned) and a bullfrog zombie.

Vanquished Creatures
  A scorpion (D:4)
  An orc priest (D:4)
  An iguana (D:4)
  2 orc wizards
  4 adders
  4 dart slugs
  3 worms
  2 leopard geckos
  5 orcs
  A ball python (D:3)
  6 bats
  2 giant cockroaches
  14 goblins
  7 hobgoblins
  4 jackals (D:5)
  A quokka (D:2)
  3 frilled lizards
  8 kobolds
  A leopard gecko skeleton (D:4)
  A leopard gecko zombie (D:4)
  5 rats
76 creatures vanquished.

Vanquished Creatures (others)
  3 plants (D:3)
3 creatures vanquished.

Grand Total: 79 creatures vanquished

Notes
Turn   | Place    | Note
-------+----------+-------------------------------------------
     0 | D:1      | ubername the Barachi Ice Elementalist began the quest for
                  | the Orb.
     0 | D:1      | Reached XP level 1. HP: 13/13 MP: 3/3
   309 | D:1      | Reached skill level 5 in Ice Magic
   460 | D:1      | Reached XP level 2. HP: 16/19 MP: 1/5
  1452 | D:2      | Reached XP level 3. HP: 24/24 MP: 4/6
  1726 | D:2      | Found an ornate altar of the Wu Jian Council.
  1754 | D:2      | Found a sparkling altar of Nemelex Xobeh.
  2044 | D:2      | Reached skill level 6 in Ice Magic
  2206 | D:2      | Learned a level 3 spell: Ozocubu's Armour
  2210 | D:2      | Learned a level 3 spell: Frozen Ramparts
  2464 | D:2      | Reached XP level 4. HP: 30/30 MP: 6/8
  3088 | D:3      | Found an opulent altar of Gozag.
  3146 | D:3      | Reached skill level 1 in Throwing
  3146 | D:3      | Reached XP level 5. HP: 35/35 MP: 5/9
  4016 | D:4      | Reached XP level 6. HP: 42/42 MP: 6/12
  4410 | D:5      | Entered Level 5 of the Dungeon
  4427 | D:5      | HP: 2/42 [white imp/puff of frost (11)]
  4427 | D:5      | Slain by a bullfrog zombie

Illustrated notes

Levels and vault maps discovered:
D:1:      psy_arrival_conway, layout_loops_ring, serial_forest,
          infiniplex_forest_clump_curved, infiniplex_forest_lined_3_way,
          infiniplex_forest_clump_long, infiniplex_forest_lined_1,
          infiniplex_forest_diagonal, infiniplex_forest_lined_3,
          infiniplex_forest_clump_small, infiniplex_forest_straight_3
D:2:      layout_basic, overflow_temple_1_default,
          pdpol_wu_jian_five_deadly_venoms, minmay_crystal_room,
          nrook_mini_vaults, minmay_pentomino_v2
D:3:      layout_basic, serial_bayou_lagoon_a, grunt_gozag_breadcrumbs
D:4:      layout_basic, uniq_crazy_yiuf_cottage
D:5:      layout_cave_pools, vehumet_statue, nicolae_overflow_hidden_temple,
          serial_shops, shop, minivault_5

Skill      XL: |  1  2  3  4  5 |
---------------+----------------+-----
Ice Magic      | 5 6 |  6.9
Spellcasting   | 3 4 |  4.5
Throwing       | 1 |  1.2
Stealth        | 2 |  2.0
Fighting       | |  0.3
Short Blades   | |  0.2
Slings         | |  0.2
Dodging        | |  2.3

Action                   |  1- 3 |  4- 6 || total
-------------------------+-------+-------++-------
Melee: Dagger            |     6 |    57 ||    63
 Fire: Hunting sling     |    12 |       ||    12
Throw: Stone             |    34 |       ||    34
       Dart              |    16 |    34 ||    50
 Cast: Freeze            |    41 |    15 ||    56
       Frozen Ramparts   |       |    16 ||    16
       Ozocubu's Armour  |       |     1 ||     1
Evoke: Wand              |       |     1 ||     1
  Use: Scroll            |     1 |     7 ||     8
       Potion            |       |     4 ||     4
Armor: Robe              |     6 |    10 ||    16
Dodge: Dodged            |    31 |    27 ||    58
